 Dungeon Crawl Stone Soup version 0.23-a0-451-g1044d4c (webtiles) character file.

79897 nikopol the Severer (level 15, -2/136 HPs)
             Began as a Minotaur Berserker on Nov 22, 2018.
             Was the Champion of Trog.
             Slain by a lorocyproca (16 damage)
             ... on level 3 of the Abyss.
             The game lasted 00:47:03 (21080 turns).

nikopol the Severer (Minotaur Berserker)           Turns: 21080, Time: 00:47:04

Health: -2/136     AC: 24    Str: 25    XL:     15   Next: 22%
Magic:  0/14       EV: 17    Int:  4    God:    Trog [******]
Gold:   1693       SH:  0    Dex: 16    Spells: 14/14 levels left

rFire    + . .     SeeInvis .   a - +2 battleaxe (venom)
rCold    . . .     Gourm    .   (shield currently unavailable)
rNeg     . . .     Faith    .   I - +2 chain mail {rF+}
rPois    .         Spirit   +   H - +2 hat
rElec    .         Reflect  .   B - scarf {Spirit}
rCorr    .         Harm     .   X - +1 pair of gloves {Str+3}
MR       +....                  D - +0 pair of boots
Stlth    ..........             (no amulet)
HPRegen  0.32/turn              P - +5 ring of evasion
MPRegen  0.14/turn              o - +4 ring of protection

@: slowed, very slow
A: retaliatory headbutt, horns 2
a: Berserk, Trog's Hand, Brothers in Arms, Renounce Religion


You were on level 3 of the Abyss.
You worshipped Trog.
Trog was exalted by your worship.
You were hungry.

You visited 3 branches of the dungeon, and saw 22 of its levels.
You visited the Abyss 2 times.
You also visited: Bailey.

You collected 2139 gold pieces.
You spent 446 gold pieces at shops.

Inventory:

Hand Weapons
 a - a +2 battleaxe of venom (weapon)
 k - a +6 longbow of flaming
 z - a +9 longbow of velocity
 V - a +2 battleaxe of holy wrath
Missiles
 p - 449 arrows
Armour
 B - a scarf of spirit shield (worn)
 D - a +0 pair of boots (worn)
 H - a +2 hat (worn)
 I - a +2 chain mail of fire resistance (worn)
 R - a +0 chain mail of magic resistance
 X - a +1 pair of gloves of strength (worn)
Jewellery
 j - a cursed ring of teleportation {unknown}
 n - an uncursed ring of resist corrosion
 o - a +4 ring of protection (right hand)
 P - a +5 ring of evasion (left hand)
 Q - an uncursed ring of ice {unknown}
 U - a +3 ring of intelligence {unknown}
Wands
 m - a wand of clouds (12)
 u - a wand of disintegration (47)
 y - a wand of polymorph (24)
 F - a wand of flame (34)
 G - a wand of scattershot (5)
 J - a wand of enslavement (18)
 O - a wand of paralysis (9)
 T - a wand of iceblast (2)
 Y - a wand of random effects (43)
Scrolls
 d - 10 scrolls of teleportation
 e - 15 scrolls of identify
 h - 2 scrolls of fear
 l - 2 scrolls of magic mapping
 q - a scroll of acquirement {unknown}
 t - 2 scrolls of enchant weapon
 K - a scroll of brand weapon {unknown}
 M - 2 scrolls of summoning {unknown}
 N - 2 scrolls of remove curse
 Z - a scroll of blinking {unknown}
Potions
 b - 2 potions of invisibility
 f - 2 potions of mutation
 g - a potion of haste
 i - 4 potions of flight
 r - a potion of might
 s - a potion of ambrosia
 v - 4 potions of curing
 w - 2 potions of cancellation
 x - 4 potions of lignification
 A - 4 potions of agility
 C - a potion of berserk rage
 E - 3 potions of brilliance
 L - 2 potions of magic
 S - 4 potions of heal wounds
Comestibles
 c - 23 rations


   Skills:
 + Level 13.5 Fighting
 * Level 19.2 Axes
 * Level 15.1 Bows
 + Level 12.0 Armour
 + Level 6.0 Dodging
 + Level 2.1 Stealth


You had 14 spell levels left.
You didn't know any spells.
Your spell library was empty.

Dungeon Overview and Level Annotations

Branches:
Dungeon (14/15)            Temple (0/1) D:5            Lair (6/6) D:9
 Shoals (0/4) Lair:3       Spider (0/4) Lair:3        Slime (0/5) Lair:5
    Orc (2/2) D:11            Elf (0/3) Orc:2        Vaults (0/5) D:14

Altars:
Ashenzari
Dithmenos
Gozag
Makhleb
Okawaru
Ru
Sif Muna
Trog
Uskayaw
Wu Jian
Xom
Zin
The Shining One

Shops:
D:4 [   D:6 *   D:8 *?=:   D:10 (!=!(   Orc:1 *   Orc:2 :=%[}


Innate Abilities, Weirdness & Mutations

You reflexively headbutt those who attack you in melee.
You have a pair of horns on your head.


Message History

Deactivating autopickup; reactivate with Ctrl-A.
You hit something but do no damage. You headbutt something!
You slash the eidolon!
The eidolon barely misses you. x2; Something hits you!
* * * LOW HITPOINT WARNING * * *
You feel your power leaking away.
You are too terrified to rage.
Okay, then.
Your ogre goes berserk!
You feel quite a bit more hungry.
The eidolon gestures.
The eidolon radiates an aura of fear!
Something hits you!!
* * * LOW HITPOINT WARNING * * *
You feel your power leaking away. The eidolon closely misses you.
You furiously retaliate!
You headbutt the eidolon, but do no damage.
The eidolon misses you.
Your ogre barely misses something.
You are no longer terrified.
Something hits you!
You die...
X

.. .##.. # # # #
.. ( .. # # .# (
# . # ###..# #.
.# #### .. #. .#.
#(### .....# .
... #..( ..#
...##.###(#####.
.
#......#@.....)#.
# †.
#..3...##.##÷.#
.). #
#.####O##... # ##
##.. #. . #
###..(#.# #..## .
# # ##


You could see a smoke demon and a friendly ogre (berserk).

Vanquished Creatures
  Rupert (D:14)
  2 orc warlords
  2 dire elephants (Lair:6)
  Snorg (Lair:5)
  4 vault guards (D:14)
  Harold (D:7)
  9 hydras
  An anaconda (Lair:6)
  2 centaur warriors
  3 two-headed ogres
  8 death yaks (Lair:6)
  A shadow wraith (Abyss:3)
  Pikel (D:5)
  An unseen horror (D:10)
  7 oklob plants
  An orc knight (Orc:2)
  3 orc sorcerers (Orc:2)
  2 ugly things (D:11)
  3 manticores
  6 deep elf magi
  8 slime creatures
  3 cyclopes
  A black mamba (Lair:6)
  4 elephants (Lair:6)
  An apocalypse crab (Abyss:3)
  2 centaur zombies (D:11)
  4 gargoyles
  7 spiny frogs
  3 rime drakes
  3 komodo dragons
  An anaconda simulacrum (Abyss:3)
  3 trolls
  An ancient zyme (Abyss:3)
  2 large abominations (Abyss:3)
  9 hippogriffs
  5 dream sheep (Lair:5)
  8 raiju (Abyss:3)
  A snapping turtle (Lair:3)
  18 blink frogs
  9 starcursed masses (Abyss:3)
  Sigmund (D:6)
  A vampire (D:14)
  2 wraiths
  41 yaks
  Eustachio (D:6)
  2 wyverns
  2 fire bats (Lair:1)
  A chaos spawn (Abyss:3)
  2 vampire mosquitoes (D:14)
  A neqoxec (Abyss:3)
  Menkaure (D:6)
  2 wargs (Orc:1)
  4 soldier ants
  5 water moccasins
  4 porcupines
  5 ice beasts
  41 orc warriors
  2 black bears
  3 sky beasts
  A swamp drake (D:9)
  3 eyes of draining
  A phantom (D:11)
  A necrophage (D:9)
  13 ogres
  18 centaurs
  4 crocodiles
  2 big kobolds (D:11)
  14 bullfrogs
  A gnoll sergeant (D:9)
  A wyvern zombie (D:13)
  A wyvern skeleton (D:14)
  2 scorpions
  10 killer bees
  6 wights
  3 electric eels
  2 howler monkeys (D:9)
  8 crimson imps
  A bullfrog zombie (D:11)
  3 jellies
  9 hounds
  14 orc priests
  3 centaur skeletons
  Crazy Yiuf (D:4)
  A gnoll shaman (D:8)
  5 iguanas
  An iron imp (D:9)
  Ijyb (D:5)
  A bullfrog skeleton (D:5)
  15 orc wizards
  9 worker ants
  A killer bee zombie (D:7)
  A hound skeleton (D:6)
  A worker ant zombie (D:10)
  Robin (D:4)
  12 gnolls
  A howler monkey skeleton (D:7)
  12 adders
  5 shadow imps
  A white imp (D:9)
  An ooze (D:5)
  An adder skeleton (D:4)
  10 worms
  4 dart slugs
  6 leopard geckos
  80 orcs
  2 ball pythons (D:3)
  5 giant cockroaches
  19 goblins
  16 hobgoblins
  11 jackals
  4 quokkas
  11 bats
  7 frilled lizards
  2 jackal skeletons
  13 kobolds
  A leopard gecko skeleton (D:4)
  9 rats
  3 fungi
  18 plants
686 creatures vanquished.

Vanquished Creatures (others)
  A deep elf mage (Bailey)
  A sky beast (D:5)
  A slave (D:5)
  An orc (D:9)
  13 fungi
  11 plants
28 creatures vanquished.

Grand Total: 714 creatures vanquished

Notes
Turn   | Place    | Note
-------+----------+-------------------------------------------
     0 | D:1      | nikopol the Minotaur Berserker began the quest for the Orb.
     0 | D:1      | Reached XP level 1. HP: 19/19 MP: 0/0
   134 | D:1      | Reached skill level 4 in Axes
   134 | D:1      | Reached XP level 2. HP: 25/27 MP: 1/1
   392 | D:1      | Reached XP level 3. HP: 33/33 MP: 2/2
   425 | D:1      | Reached ** piety under Trog
   812 | D:2      | Found a burning altar of Makhleb.
   812 | D:2      | Noticed a green death
   943 | D:2      | Reached XP level 4. HP: 38/40 MP: 3/3
   975 | D:2      | Noticed an ogre
   983 | D:2      | Reached skill level 5 in Axes
  1027 | D:2      | Killed an ogre
  1027 | D:2      | Reached XP level 5. HP: 14/47 MP: 4/4
  1524 | D:2      | Found a sacrificial altar of Ru.
  2060 | D:3      | Reached skill level 5 in Fighting
  2068 | D:3      | Reached skill level 6 in Axes
  2068 | D:3      | Reached XP level 6. HP: 53/56 MP: 5/5
  2332 | D:3      | Found a glowing golden altar of the Shining One.
  2739 | D:4      | Found a hide-covered altar of Uskayaw.
  2746 | D:4      | Noticed Robin
  2748 | D:4      | Reached *** piety under Trog
  2757 | D:4      | Killed Robin
  2798 | D:4      | Found Hisih's Armour Boutique.
  2810 | D:4      | Found an ornate altar of the Wu Jian Council.
  2851 | D:4      | Found a runed door.
  2855 | D:4      | Noticed Crazy Yiuf
  2860 | D:4      | Killed Crazy Yiuf
  2860 | D:4      | Reached skill level 7 in Axes
  3016 | D:5      | Entered Level 5 of the Dungeon
  3089 | D:5      | Found a staircase to the Ecumenical Temple.
  3112 | D:5      | Found a shattered altar of Ashenzari.
  3286 | D:5      | Found a bloodstained altar of Trog.
  3313 | D:5      | Noticed a slave
  3314 | D:5      | Noticed Pikel
  3314 | D:5      | Noticed a slave
  3314 | D:5      | Noticed a slave
  3314 | D:5      | Noticed a slave
  3330 | D:5      | HP: 2/56 [Pikel/+1 whip of electrocution (11)]
  3340 | D:5      | Killed Pikel
  3340 | D:5      | Reached skill level 9 in Axes
  3340 | D:5      | Reached XP level 7. HP: 22/62 MP: 6/6
  3587 | D:5      | Noticed Ijyb
  3600 | D:5      | Killed Ijyb
  3600 | D:5      | Reached XP level 8. HP: 70/70 MP: 7/7
  4019 | D:6      | Noticed Menkaure
  4023 | D:6      | Killed Menkaure
  4047 | D:6      | Found Gozag's Platinum Reserve.
  4064 | D:6      | Found an opulent altar of Gozag.
  4080 | D:6      | Reached skill level 5 in Armour
  4137 | D:6      | Reached skill level 10 in Axes
  4266 | D:6      | Noticed Sigmund
  4278 | D:6      | Killed Sigmund
  4278 | D:6      | Reached skill level 1 in Stealth
  4281 | D:6      | Reached skill level 11 in Axes
  4335 | D:6      | Noticed Eustachio
  4478 | D:6      | Killed Eustachio
  4491 | D:6      | Reached **** piety under Trog
  4491 | D:6      | Reached XP level 9. HP: 78/78 MP: 8/8
  4678 | D:6      | Found an iron altar of Okawaru.
  4681 | D:6      | Found a shimmering altar of Xom.
  4684 | D:6      | Found a glowing silver altar of Zin.
  4761 | D:7      | HP: 4/117 [orc warrior/+0 glaive (11)]
  4764 | D:7      | Received a gift from Trog
  4869 | D:7      | Found a flagged portal.
  4887 | Bailey   | Entered a bailey
  5202 | Bailey   | Noticed a deep elf mage
  5209 | Bailey   | Killed a deep elf mage
  5209 | Bailey   | Reached skill level 12 in Axes
  5400 | Bailey   | Noticed a deep elf mage
  5401 | Bailey   | Noticed a deep elf mage
  5401 | Bailey   | Noticed a deep elf mage
  5401 | Bailey   | Noticed a deep elf mage
  5401 | Bailey   | Noticed a deep elf mage
  5401 | Bailey   | Noticed a deep elf mage
  5405 | Bailey   | Noticed a demonic crawler
  5405 | Bailey   | Killed a deep elf mage
  5406 | Bailey   | Killed a deep elf mage
  5406 | Bailey   | Reached skill level 13 in Axes
  5411 | Bailey   | Killed a deep elf mage
  5411 | Bailey   | Reached XP level 10. HP: 88/88 MP: 7/9
  5411 | Bailey   | Killed a deep elf mage
  5955 | D:7      | Reached skill level 14 in Axes
  6053 | D:7      | Noticed Harold
  6070 | D:7      | Killed Harold
  6528 | D:8      | Found Yngaisya's Magic Scroll Emporium.
  6559 | D:8      | Found Roagerr's Jewellery Boutique.
  6594 | D:8      | Bought a scroll of teleportation for 39 gold pieces
  6594 | D:8      | Bought a scroll of enchant weapon for 97 gold pieces
  6594 | D:8      | Bought a scroll of teleportation for 39 gold pieces
  6640 | D:8      | Found Ylobruad's Book Boutique.
  6675 | D:8      | Found a shadowy altar of Dithmenos.
  6898 | D:8      | Found Hoboorir's Assorted Antiques.
  6957 | D:8      | Found a deep blue altar of Sif Muna.
  7187 | D:9      | Reached ***** piety under Trog
  7189 | D:9      | Noticed a deep elf mage
  7194 | D:9      | Killed a deep elf mage
  7194 | D:9      | Reached skill level 15 in Axes
  7252 | D:9      | Noticed a deep elf mage
  7258 | D:9      | Killed a deep elf mage
  7382 | D:9      | HP: 4/90 [orc priest/nerve-wracking pain (9)]
  7918 | D:9      | Reached XP level 11. HP: 95/95 MP: 7/10
  8156 | D:9      | Found a staircase to the Lair.
  8454 | Lair:1   | Entered Level 1 of the Lair of Beasts
  8485 | Lair:1   | Reached skill level 16 in Axes
  8674 | Lair:1   | Reached skill level 5 in Dodging
  8985 | Lair:1   | Noticed an oklob plant
  8997 | Lair:1   | Killed an oklob plant
  9049 | Lair:1   | Noticed an oklob plant
  9055 | Lair:1   | Noticed an oklob plant
  9068 | Lair:1   | Killed an oklob plant
  9068 | Lair:1   | Reached skill level 10 in Fighting
  9072 | Lair:1   | Noticed an oklob plant
  9089 | Lair:1   | Killed an oklob plant
  9213 | Lair:1   | Killed an oklob plant
  9213 | Lair:1   | Reached skill level 17 in Axes
  9513 | Lair:1   | Reached skill level 10 in Armour
  9780 | Lair:1   | Reached XP level 12. HP: 81/107 MP: 8/11
 10159 | Lair:2   | Received a gift from Trog
 10419 | Lair:2   | Reached skill level 1 in Bows
 10507 | Lair:2   | Got a scorched ring mail
 10518 | Lair:2   | Identified the cursed +0 ring mail of Baldness {*Corrode
                  | +Fly rElec rN+ Dex+3} (You found it on level 2 of the Lair
                  | of Beasts)
 11190 | Lair:3   | Found a hole to the Spider Nest.
 11355 | Lair:3   | Found a staircase to the Shoals.
 11653 | Lair:4   | Noticed a seven-headed hydra
 11783 | Lair:4   | Reached skill level 5 in Bows
 11973 | Lair:4   | Noticed a four-headed hydra
 11979 | Lair:4   | Killed a four-headed hydra
 12072 | Lair:4   | Killed a seven-headed hydra
 12381 | Lair:5   | Noticed a four-headed hydra
 12391 | Lair:5   | Killed a four-headed hydra
 12409 | Lair:5   | Found a staircase to the Slime Pits.
 12437 | Lair:5   | Noticed an eight-headed hydra
 12442 | Lair:5   | Killed an eight-headed hydra
 12642 | Lair:5   | Noticed Snorg
 12652 | Lair:5   | Killed Snorg
 13404 | Lair:5   | Reached XP level 13. HP: 116/116 MP: 12/12
 13849 | Lair:6   | Entered Level 6 of the Lair of Beasts
 13901 | Lair:6   | Reached skill level 18 in Axes
 14344 | Lair:6   | Reached skill level 10 in Bows
 14986 | Lair:6   | Received a gift from Trog
 15257 | Lair:6   | Noticed a dire elephant
 15257 | Lair:6   | Noticed a dire elephant
 15277 | Lair:6   | Killed a dire elephant
 15280 | Lair:6   | Killed a dire elephant
 15501 | D:10     | Entered Level 10 of the Dungeon
 15501 | D:10     | Found Poan's Jewellery Shoppe.
 15565 | D:10     | Found Bionwen's Antique Weapon Shop.
 15626 | D:10     | Found Dyguemue's Distillery.
 15635 | D:10     | Bought a potion of heal wounds for 70 gold pieces
 15887 | D:10     | Found Sutib's Distillery.
 15912 | D:10     | Bought a potion of heal wounds for 75 gold pieces
 16231 | D:10     | Found Nogiodgh's Weapon Boutique.
 16580 | D:11     | Found a burning altar of Makhleb.
 16613 | D:11     | Found a staircase to the Orcish Mines.
 16722 | D:11     | Reached XP level 14. HP: 127/127 MP: 13/13
 17096 | D:11     | Received a gift from Trog
 17341 | Orc:1    | Entered Level 1 of the Orcish Mines
 17376 | Orc:1    | Noticed an orc warlord
 17386 | Orc:1    | Killed an orc warlord
 17400 | Orc:1    | Received a gift from Trog
 17494 | Orc:2    | Entered Level 2 of the Orcish Mines
 17533 | Orc:1    | Found Bamoprox's General Store.
 17916 | Orc:2    | Found Ciama's Jewellery Shop.
 17916 | Orc:2    | Found Ynourhaw's Food Shoppe.
 18058 | Orc:2    | Found a staircase to the Elven Halls.
 18170 | Orc:2    | Noticed an orc warlord
 18182 | Orc:2    | Killed an orc warlord
 18187 | Orc:2    | Received a gift from Trog
 18194 | Orc:2    | Reached ****** piety under Trog
 18309 | Orc:2    | Found Ilock's Gadget Shoppe.
 18381 | Orc:2    | Received a gift from Trog
 18456 | Orc:2    | Found Areosaf's Armour Emporium.
 18458 | Orc:2    | Found Ute Wiov's Book Boutique.
 18475 | Orc:2    | Bought a +0 pair of gloves of strength for 126 gold pieces
 19441 | D:13     | Received a gift from Trog
 19452 | D:13     | Found a labyrinth entrance.
 20031 | D:14     | Noticed Rupert
 20042 | D:14     | Cast into level 3 of the Abyss (Rupert)
 20042 | Abyss:3  | Found a corrupted altar of Lugonu.
 20070 | D:14     | Escaped the Abyss
 20078 | D:14     | Killed Rupert
 20579 | D:14     | Found a gate to the Vaults.
 20588 | D:14     | Reached skill level 19 in Axes
 20626 | D:14     | Reached XP level 15. HP: 101/136 MP: 11/14
 20685 | D:14     | Cast into level 3 of the Abyss (a wizard)
 20824 | Abyss:3  | Paralysed by accursed screaming for 1 turns
 20831 | Abyss:3  | Received a gift from Trog
 21036 | Abyss:3  | Reached skill level 15 in Bows
 21050 | Abyss:3  | Found a basalt altar of Yredelemnul.
 21080 | Abyss:3  | Slain by a lorocyproca

Vault maps used:
D:1:      elethiomel_arrival_infinity_welcomes_careful_drivers
D:2:      minmay_diamond_boxcup, makhleb_altar_promises_db,
          nicolae_ru_path_of_blood
D:3:      nicolae_tso_swordbearing_angel, lemuel_another_geyser
D:4:      kennysheep_little_box, kennysheep_mini_moat, first_ration,
          serial_shops, kennysheep_mini, uniq_robin, uniq_crazy_yiuf_cottage
D:5:      bloody_trog, lemuel_coloured_pillars_altar,
          minmay_temple_entry_statues_pillars, chequers_big_river, uniq_pikel,
          uniq_ijyb
D:6:      nicolae_gozag_zags_fifth_avenue, grunt_temple_overflow_diamond,
          uniq_eustachio, uniq_menkaure, uniq_sigmund
D:7:      enter_bailey_2, uniq_harold
D:8:      minmay_klotski, lemuel_round_altar, marbit_many_paths, serial_shops,
          shop, nicolae_shop_trees, nicolae_shop_competitors_out_of_business,
          shop
D:9:      david_lair_shrubbed, hangedman_pestilent_swarm, hangedman_minor_magic
D:10:     serial_shops, nicolae_shop_statue_plus, shop, shop_statue,
          shop_fountains, shop_statue, minivault_24
D:11:     orc_0_dummy, minmay_ruined_shrine
D:13:     lab_entry_generic
D:14:     lightli_vaults_fourway_checkpoint, grunt_ministairs_1, uniq_rupert
Lair:1:   minmay_lair_oklob_tunnel, grunt_megastairs_3
Lair:2:   infiniplex_staircase_pool
Lair:3:   minmay_shoals_entry_hut, spider_nest_entry_a
Lair:4:   chequers_serial_rivers_small_a, grunt_megastairs_5
Lair:5:   minmay_slime_entry_oklob_open, uniq_snorg
Lair:6:   due_jungle_book
Orc:1:    serial_shops, nicolae_shop_crystal, basic_altar
Orc:2:    st_orc_rangers, serial_shops, shop
Bailey:   bailey_polearm_3, bailey

Skill      XL: |  1  2  3  4  5  6  7  8  9 10 11 12 13 14 15 |
---------------+----------------------------------------------+-----
Axes           | 4 5 6 9 11 13 15 17 18 19 | 19.2
Fighting       | 4 5 6 7 8 10 11 12 13 | 13.5
Armour         | 3 4 5 7 8 10 11 12 | 12.0
Dodging        | 3 4 5 6 |  6.0
Stealth        | 1 2 |  2.1
Bows           | 8 11 14 15 | 15.1

Action                   |  1- 3 |  4- 6 |  7- 9 | 10-12 | 13-15 || total
-------------------------+-------+-------+-------+-------+-------++-------
Melee: Hand axe          |    91 |    45 |       |       |       ||   136
       Headbutt          |    12 |    33 |    25 |   150 |   116 ||   336
       War axe           |       |   115 |   131 |   496 |   244 ||   986
       Battleaxe         |       |       |       |       |   178 ||   178
       Longbow           |       |       |       |       |     1 ||     1
 Fire: Longbow           |       |       |       |   116 |   568 ||   684
Invok: Berserk           |       |     3 |     5 |     8 |     8 ||    24
       Trog's Hand       |       |       |       |       |     1 ||     1
       Brothers in Arms  |       |       |       |       |     1 ||     1
  Use: Scroll            |       |     3 |     6 |    15 |    10 ||    34
       Potion            |       |     2 |       |       |     1 ||     3
  Eat: Chunk             |       |    10 |    11 |    20 |    29 ||    70
       Ration            |       |       |       |     4 |     1 ||     5
Armor: Animal skin       |     3 |       |       |       |       ||     3
       Ring mail         |    25 |    45 |     5 |    15 |       ||    90
       Scale mail        |       |       |    35 |    58 |       ||    93
       Chain mail        |       |       |       |   121 |   271 ||   392
Dodge: Dodged            |    59 |   115 |    72 |   181 |   414 ||   841

Table legend:
 A = Non-vault XP
 B = Vault XP
 C = Vault XP percentage of total XP
 D = Non-vault monster count
 E = Vault monster count
 F = Vault count percentage of total count
                 A         B        C        D         E       F
            +---------+---------+-------+---------+---------+-------
      Total |   78157 |   35982 |  31.5 |     519 |     147 |  22.1
            +---------+---------+-------+---------+---------+-------
        D:1 |      58 |       0 |   0.0 |      33 |       0 |   0.0
        D:2 |      54 |     143 |  72.6 |      14 |      10 |  41.7
        D:3 |     132 |       0 |   0.0 |      36 |       0 |   0.0
        D:4 |     202 |      79 |  28.1 |      12 |      14 |  53.8
        D:5 |      74 |     756 |  91.1 |       9 |       2 |  18.2
        D:6 |     917 |     592 |  39.2 |      24 |       3 |  11.1
        D:7 |    1283 |     987 |  43.5 |      23 |       1 |   4.2
        D:8 |     442 |       1 |   0.2 |       7 |       1 |  12.5
        D:9 |    2408 |    2178 |  47.5 |      38 |      21 |  35.6
       D:10 |    2067 |       0 |   0.0 |      30 |       0 |   0.0
       D:11 |    2936 |    3250 |  52.5 |      33 |      10 |  23.3
       D:12 |    5542 |       0 |   0.0 |      26 |       0 |   0.0
       D:13 |    4851 |       0 |   0.0 |      25 |       0 |   0.0
       D:14 |    4215 |   10038 |  70.4 |      18 |      14 |  43.8
     Lair:1 |    4832 |    4062 |  45.7 |      20 |      12 |  37.5
     Lair:2 |    1716 |       0 |   0.0 |      10 |       0 |   0.0
     Lair:3 |    2795 |     250 |   8.2 |      14 |       1 |   6.7
     Lair:4 |    6565 |      90 |   1.4 |      19 |       1 |   5.0
     Lair:5 |    3382 |    2897 |  46.1 |       8 |       4 |  33.3
     Lair:6 |   15575 |    2854 |  15.5 |      28 |       5 |  15.2
      Orc:1 |    3132 |       0 |   0.0 |      27 |       0 |   0.0
      Orc:2 |    5378 |    5107 |  48.7 |      35 |      43 |  55.1
    Abyss:3 |    9601 |       0 |   0.0 |      30 |       0 |   0.0
     Bailey |       0 |    2698 | 100.0 |       0 |       5 | 100.0
            +---------+---------+-------+---------+---------+-------
